AoeStats
← beneath mariana

African Clearing

504755828Analyzed
4v4 RM · 25d ago on Sep 6, 2026· 23m 59s· 8 players
Game mode
Random Map
Map size
Large (8 player)
Population
200
Speed
Normal
Resources
Standard
Victory
Conquest
Starting age
Dark Age
Ending age
Imperial Age
RankedLock teamsTeams togetherTeam positionsShared explorationLock speedFull tech treeHidden civsTurbo modeCheats
Victory
Defeat
🇨🇳 Berbers · China
1528
+13
🇹🇼 Tupi · Taiwan
1505
+14
🇨🇳 Jurchens · China
1475
+15
1472
+15
🇨🇳 Spanish · China
1539
-17
🇭🇰 Mongols · Hong Kong SAR China
1464
-15
🇨🇳 Romans · China
1445
-14
🇨🇳 Vietnamese · China
1377
-11
苯駢芘
5:35 Loom
13:39 Feudal Age
18:18 Castle Age
16:32 Double-Bit Axe
16:54 Gold Mining
17:55 Stone Mining
20:37 Fletching
NorthOrigin
10:39 Loom
12:59 Feudal Age
16:31 Castle Age
14:26 Double-Bit Axe
15:20 Fletching
17:31 Bodkin Arrow
19:12 Bow Saw
19:09 Town Watch
22:38 Horse Collar
种田人口才是基本盘
4:56 Loom
13:27 Feudal Age
17:49 Castle Age
Bo Zhi Shang
3:19 Loom
13:00 Feudal Age
20:12 Castle Age
18:28 Fletching
20:37 Crossbowman
Ren
12:28 Loom
14:14 Feudal Age
18:22 Castle Age
16:39 Double-Bit Axe
17:31 Gold Mining
19:08 Fletching
20:11 Bow Saw
21:23 Horse Collar
ROYAL PIGGY
4:28 Loom
12:36 Feudal Age
12:39 Man-at-Arms
20:10 Town Watch
20:33 Double-Bit Axe
24:04 Castle Age
beneath mariana
5:45 Loom
13:01 Feudal Age
16:49 Castle Age
14:58 Loom
15:24 Double-Bit Axe
15:51 Fletching
16:35 Stone Mining
16:30 Horse Collar
23:02 Bow Saw
retroex
6:17 Loom
11:45 Feudal Age
12:32 Double-Bit Axe
13:35 Man-at-Arms
Connection lost

Rejoining the realm…

Still unreachable

The connection could not be restored.

Session expired

The server has moved on; the page needs a fresh start.